 Dungeon Crawl Stone Soup version 0.29.1-12-g30fa7ad0bf (webtiles) character file.

Game seed: 8092251400059980140

14 112233 the Firebug (level 2, -2/24 HPs)
             Began as an Ogre Fire Elementalist on Dec 22, 2022.
             Slain by a goblin
             ... wielding a +0 club
              (3 damage)
             ... on level 1 of the Dungeon.
             The game lasted 00:00:41 (526 turns).

112233 the Firebug (Ogre Fire Elementalist)          Turns: 526, Time: 00:00:41

Health: -2/24      AC:  4    Str: 11    XL:     2   Next: 45%
Magic:  1/5        EV: 10    Int: 16    God:
Gold:   0          SH:  0    Dex:  9    Spells: 5/6 levels left

rFire   . . .      SeeInvis .   (no weapon)
rCold   . . .      Faith    .   (no shield)
rNeg    . . .      Spirit   .   a - +0 robe
rPois   .          Reflect  .   (helmet restricted)
rElec   .          Harm     .   d - +0 cloak
rCorr   .          Rampage  .   (gloves unavailable)
Will    .....                   (boots unavailable)
Stlth   ++........              (no amulet)
HPRegen 0.08/turn               (no ring)
MPRegen 0.09/turn               (no ring)

@: no status effects
A: large, unfitting armour, tough skin 1
a: no special abilities


You were on level 1 of the Dungeon.
You visited 1 branch of the dungeon, and saw 1 of its levels.

Inventory:

Armour
 a - a +0 robe (worn)
 d - a +0 cloak (worn)
Potions
 b - a potion of magic
 c - a potion of berserk rage {unknown}
 f - a potion of brilliance {unknown}


   Skills:
 + Level 2.0 Dodging
 + Level 1.6 Stealth
 + Level 2.6 Spellcasting
 + Level 1.2 Conjurations
 + Level 2.8 Fire Magic


You had 5 spell levels left.
You knew the following spells:

 Your Spells              Type           Power      Damage    Failure   Level
a - Foxfire               Conj/Fire      32%        2x1d5     9%          1

Your spell library contained the following spells:

 Spells                   Type           Power      Damage    Failure   Level
 Scorch                   Fire           22%        2d6       9%          2
 Conjure Flame            Conj/Fire      8%         6-21      26%         3
 Inner Flame              Hex/Fire       6%         N/A       32%         3
 Flame Wave               Conj/Fire      8%         2d5       63%         4


Dungeon Overview and Level Annotations

Branches:
Dungeon (1/15)

Altars:


Innate Abilities, Weirdness & Mutations

You are too large for most types of armour.
You have tough skin. (AC +1)


Message History

You hit the goblin.
The goblin is heavily wounded.
The goblin barely misses you.
The endoplasm hits you but does no damage.
You hit the endoplasm.
The endoplasm is heavily wounded.
The goblin completely misses you. The endoplasm closely misses you.
Your magical contamination has completely faded away.
You hit the endoplasm but do no damage.
The endoplasm is heavily wounded.
The goblin hits you with a +0 club. The endoplasm freezes you.
You are frozen.
* * * LOW HITPOINT WARNING * * *
You barely miss the endoplasm.
The endoplasm is moderately wounded.
The goblin hits you with a +0 club.
* * * LOW HITPOINT WARNING * * *
The endoplasm hits you but does no damage.
Unknown command.
You hit the endoplasm but do no damage.
The endoplasm is moderately wounded.
The goblin hits you with a +0 club.
* * * LOW HITPOINT WARNING * * *
The endoplasm freezes you.
You are frozen.
* * * LOW HITPOINT WARNING * * *
Unknown command.
Unknown command.
You hit the endoplasm.
The endoplasm is almost dead.
The goblin hits you with a +0 club.
* * * LOW HITPOINT WARNING * * *
The endoplasm hits you but does no damage.
You hit the endoplasm.
You kill the endoplasm!
The goblin hits you but does no damage.
Unknown command.
The goblin attacks as you move away! The goblin hits you with a +0 club.
You die...

##### #.... #!..#
#...# #..# ##....#
#@# #.....# #g#
####.....# #)## ..
......### #r.# .#
#....... ##.###.#
#.....##
#.....####.....##
###..#..........# .
####....#.(.##...#
...#....#.........#..


You could see a goblin and a rat.

Vanquished Creatures
  A bat (D:1)
  2 endoplasms (D:1)
  A goblin (D:1)
  A hobgoblin (D:1)
  3 jackals (D:1)
  A ball python (D:1)
  A frilled lizard (D:1)
  A kobold (D:1)
  2 rats (D:1)
13 creatures vanquished.

Vanquished Creatures (others)
  31 foxfires (D:1)
31 creatures vanquished.

Grand Total: 44 creatures vanquished

Notes
Turn   | Place    | Note
-------+----------+-------------------------------------------
     0 | D:1      | 112233 the Ogre Fire Elementalist began the quest for the
                  | Orb.
     0 | D:1      | Reached XP level 1. HP: 16/16 MP: 3/3
    55 | D:1      | Reached skill level 1 in Conjurations
   451 | D:1      | Reached XP level 2. HP: 24/24 MP: 2/5
   523 | D:1      | HP: 1/24 [goblin/+0 club (2)]
   526 | D:1      | Slain by a goblin

Illustrated notes

Levels and vault maps discovered:
D:1:      grunt_arrival_crossed_arrows, layout_rooms, serial_shops,
          nicolae_lakefront_shop

Skill      XL: |  1  2 |
---------------+-------+-----
Conjurations   | 1 |  1.2
Dodging        | 2 |  2.0
Stealth        | |  1.6
Spellcasting   | |  2.6
Fire Magic     | |  2.8

Action                   || total
-------------------------++-------
Melee: Unarmed           ||    14
 Cast: Foxfire           ||    19
  Use: Scroll            ||     1
Armor: Robe              ||    33
Dodge: Dodged            ||    22
